 Dungeon Crawl Stone Soup version 0.20-a0-1050-g57248f3 (webtiles) character file.

145560 Lochraine the Markscentaur (level 16, -4/132 HPs)
             Began as a Centaur Arcane Marksman on Apr 25, 2017.
             Was a High Priest of Trog.
             Killed from afar by a thorn hunter (24 damage)
             ... with a volley of thorns
             ... on level 3 of the Swamp.
             The game lasted 02:00:35 (35373 turns).

Lochraine the Markscentaur (CeAM)                  Turns: 35373, Time: 02:00:36

Health: -4/132     AC: 23    Str: 16    XL:     16   Next: 87%
Magic:  17/17      EV: 16    Int: 12    God:    Trog [*****.]
Gold:   1601       SH:  2    Dex: 16    Spells: 16/17 levels left

rFire    x . .     SeeInvis .   a - +4 longbow (freeze)
rCold    + . .     Gourm    .   (shield currently unavailable)
rNeg     . . .     Faith    .   Q - +1 ring mail of the Big Bang {rPois MR+}
rPois    +         Spirit   .   O - +2 helmet
rElec    .         Reflect  +   F - +1 cloak
rCorr    .         Harm     .   X - +0 pair of gloves "Viery" {MR++ Str+4} (curse)
MR       +++++                  I - +3 centaur barding
Stlth    ..........             j - +2 amulet of reflection
Regen    1.4/turn               p - +5 ring of evasion
MPRegen  0.2/turn               B - ring of ice

@: about to teleport, regenerating, heavily drained, very quick
A: hooves 3, deformed body, speed 2, frail 1, tough skin 3, weak 1
a: Berserk, Trog's Hand, Brothers in Arms, Burn Spellbooks, Renounce Religion


You were on level 3 of the Swamp.
You worshipped Trog.
Trog was extremely pleased with you.
You were hungry.

You visited 4 branches of the dungeon, and saw 25 of its levels.
You visited the Abyss 1 time.

You collected 2237 gold pieces.
You spent 636 gold pieces at shops.

Inventory:

Hand Weapons
 a - a +4 longbow of freezing (weapon)
 b - a +1 glaive of venom
 t - a +3 longbow of flaming
 V - a +5 antimagic halberd
Missiles
 H - 440 arrows (quivered)
Armour
 l - a +0 troll leather armour
 F - a +1 cloak (worn)
 I - a +3 centaur barding (worn)
 O - a +2 helmet (worn)
 Q - the +1 ring mail of the Big Bang (worn) {rPois MR+}
   (You found it on level 9 of the Dungeon)

   It protects you from poison.
   It affects your resistance to hostile enchantments.
 X - the cursed +0 pair of gloves "Viery" (worn) {MR++ Str+4}
   (You found it on level 12 of the Dungeon)

   It affects your strength (+4).
   It affects your resistance to hostile enchantments.
   It has a curse placed upon it.
Jewellery
 j - a +2 amulet of reflection (around neck)
 p - a +5 ring of evasion (left hand)
 w - a +3 ring of protection
 B - a ring of ice (right hand)
Wands
 c - a wand of acid (9/15)
 d - a wand of enslavement (4/24)
 g - a wand of confusion (9/48)
 y - a wand of flame (36/48)
 D - a wand of iceblast (0/15)
 M - a wand of lightning (5/15)
 R - a wand of iceblast (0/15)
 S - a wand of paralysis (10/24)
 T - a wand of iceblast (8/15)
 W - a wand of iceblast (9/15)
 Y - a wand of iceblast (3/15)
 Z - a wand of disintegration (16/24)
Scrolls
 i - 5 scrolls of teleportation
 k - 10 scrolls of remove curse
 m - 5 scrolls of recharging
 n - 7 scrolls of magic mapping
 q - a scroll of brand weapon
 x - a scroll of enchant weapon
 z - a scroll of identify
 J - a scroll of summoning
 U - a scroll of fear
Potions
 e - 4 potions of curing
 h - a potion of ambrosia
 r - a potion of brilliance
 s - 2 potions of mutation
 v - 5 potions of resistance
 A - a potion of magic
 C - 2 potions of berserk rage
 E - 3 potions of flight
 G - a potion of haste
 L - 3 potions of cancellation
Miscellaneous
 P - a lamp of fire
Comestibles
 f - 15 bread rations
 o - 26 royal jellies
 u - 13 meat rations
 K - 26 fruits
 N - 3 chunks of flesh


   Skills:
 + Level 14.9(13.3) Fighting
 * Level 13.7(12.2) Polearms
 + Level 20.5(18.8) Bows
 - Level 8.4(7.1) Armour
 + Level 8.1(6.8) Dodging
 - Level 1.0(0.0) Spellcasting
 - Level 2.6(1.5) Hexes


You had 16 spell levels left.
You knew the following spells:

 Your Spells              Type           Power        Failure   Level  Hunger
a - Corona                Hex            #......      30%         1    ##.....


Dungeon Overview and Level Annotations

Branches:
Dungeon (15/15)            Temple (1/1) D:6            Lair (6/6) D:11
  Swamp (3/4) Lair:2        Snake (0/4) Lair:3        Slime (0/5) Lair:6
    Orc (0/2) D:9          Vaults (0/5) D:14         Depths (0/5) D:15

Altars:
Ashenzari
Cheibriados
Dithmenos
Elyvilon
Fedhas
Gozag
Hepliaklqana
Kikubaaqudgha
Makhleb
Nemelex Xobeh
Okawaru
Qazlal
Ru
Sif Muna
Trog
Uskayaw
Vehumet
Wu Jian
Xom
Yredelemnul
Zin
The Shining One

Shops:
D:5 *   D:7 (=}   D:15 !

Annotations:
D:2 1 runed door
Lair:5 exclusion: 3 oklob plants


Innate Abilities, Weirdness & Mutations

You have hooves in place of feet.
Armour fits poorly on your strangely shaped body.
You cover ground very quickly.
You have extremely tough skin. (AC +3)
You are frail. (-10% HP)
You are weak. (Str -2)


Message History

A thorn hunter comes into view.
You are engulfed in spectral mist.
The spectral tyrant leech fades away!
A shadow comes into view.
Your skin crawls.
You feel resistant to hostile enchantments.
You are feeling hungry.
You are engulfed in spectral mist.
* * * LOW HITPOINT WARNING * * *
The thorn hunter gestures.
Thorny briars emerge from the ground!
The spectral swamp drake bites you but does no damage.
The ghost crab closely misses you.
The ghost crab claws you but does no damage.
You feel better.
The spectral swamp drake closely misses you.
The spectral tyrant leech bites you!
* * * LOW HITPOINT WARNING * * *
The thorn hunter fires a volley of thorns at you.
The volley of thorns hits you!
You die... ♣.≈≈≈≈≈.♣ ♣♣≈..♣♣♣. ♣.♣..≈≈≈♣♣♣.≈.♣♣ ♣♣ ♣≈(.♣♣.≈.♣♣≈≈.♣ ♣. ♣PPP♣♣PPP♣≈...♣ ♣♣ ♣PPPPPPPP..≈.♣♣

♣ ♣.Z(≈≈♣PP.≈≈≈♣ ♣
♣Z§.≈≈.PP.♣.♣♣
♣tZ§≈≈≈PP≈♣.♣
♣§@..≈.PP...♣
.§.§≈§§≈Z≈≈.♣P≈♣.♣
≈≈.≈..≈≈≈...P...♣♣
♣...≈.≈≈♣≈?♣♣.≈.♣
≈...≈..≈≈≈.≈≈.≈.
≈.f..♣≈≈≈≈≈$≈.≈.
§....♣♣.W≈♣..D≈
....♣ ♣≈≈. .♣♣♣


You could see a thorn hunter, a swamp dragon (fleeing), a ghost crab, a spectral
tyrant leech, a spectral swamp drake, a spectral swamp dragon, a spectral
spriggan druid and a shadow.

Vanquished Creatures
  Frances (D:14)
  A tentacled starspawn (Abyss:2)
  A thorn hunter (Swamp:1)
  A frost giant (D:15)
  A very ugly thing (Swamp:1)
  Snorg (D:11)
  A yaktaur captain (D:15)
  An ice dragon (Lair:1)
  15 hydras
  7 centaur warriors
  A tengu warrior (D:15)
  10 death yaks
  7 two-headed ogres
  An alligator (Swamp:2)
  A deep troll earth mage (D:15)
  A thrashing horror (Abyss:2)
  A deep elf knight (D:13)
  A fire crab (Lair:6)
  A sixfirhy (Abyss:2)
  5 skeletal warriors
  4 unseen horrors
  A wizard (D:14)
  8 swamp dragons
  A lindwurm (Lair:5)
  A deep elf archer (D:13)
  10 ugly things
  3 orc knights
  An oklob plant (Lair:5)
  2 wolf spiders
  2 worldbinders (Abyss:2)
  9 deep elf magi (D:13)
  An orc sorcerer (D:14)
  3 cyclopes
  4 manticores
  A guardian serpent (Lair:6)
  9 elephants
  A torpor snail (Lair:6)
  5 centaur zombies
  10 black mambas
  A gargoyle (D:10)
  A smoke demon (Abyss:2)
  24 spiny frogs
  An orange demon (Abyss:2)
  10 komodo dragons
  5 yaktaurs (D:15)
  A tengu conjurer (D:15)
  3 ancient zymes (Abyss:2)
  7 rime drakes
  5 meliai
  An ice devil (Abyss:2)
  A queen bee (D:15)
  7 polar bears
  6 tyrant leeches
  4 trolls
  A wolf spider simulacrum (D:15)
  7 hornets
  Grinder (D:6)
  10 hippogriffs
  Prince Ribbit (D:5)
  6 bog bodies
  7 raiju
  A hornet (shapeshifter) (D:15)
  5 dream sheep (Lair:5)
  A hippogriff (shapeshifter) (D:13)
  10 blink frogs
  12 slime creatures
  A redback (shapeshifter) (Abyss:2)
  4 spriggans
  3 wraiths
  43 yaks
  2 redbacks (Lair:6)
  A water elemental (D:15)
  2 shadows
  2 starcursed masses (Abyss:2)
  6 basilisks
  14 wyverns
  4 hungry ghosts
  A steam dragon (D:12)
  2 neqoxecs (Abyss:2)
  5 vampire mosquitoes
  4 insubstantial wisps (Swamp:1)
  A soldier ant (D:13)
  5 wargs (Lair:6)
  3 acid dragons
  29 water moccasins
  10 swamp worms
  13 hell hounds (Lair:6)
  2 ice beasts
  5 porcupines
  11 black bears
  4 swamp drakes
  5 sky beasts
  11 ogres
  12 orc warriors
  A phantom (D:12)
  3 small abominations (Abyss:2)
  28 wolves
  2 eyes of draining
  5 necrophages (D:10)
  11 centaurs
  8 crocodiles
  A big kobold (D:13)
  19 bullfrogs
  A wyvern zombie (D:10)
  3 gnoll sergeants
  A water moccasin zombie (D:10)
  2 wyvern skeletons
  6 scorpions
  35 killer bees
  7 wights
  9 howler monkeys
  2 electric eels (D:15)
  3 bullfrog zombies
  4 crimson imps
  6 hounds
  6 jellies
  13 orc priests
  21 orc wizards
  4 centaur skeletons
  2 iguanas
  13 worker ants
  A hound zombie (D:10)
  A hound skeleton (D:8)
  A worker ant zombie (D:11)
  14 gnolls
  19 adders
  6 shadow imps
  2 oozes
  3 adder skeletons
  5 worms
  2 dart slugs
  7 leopard geckos
  73 orcs
  5 giant cockroaches
  A goblin (D:1)
  4 hobgoblins
  6 jackals
  4 quokkas
  A ball python (D:4)
  3 bats
  5 frilled lizards
  A jackal skeleton (D:4)
  16 kobolds
  2 rats (D:3)
  2 fungi
  2 plants
  A starspawn tentacle (Abyss:2)
882 creatures vanquished.

Vanquished Creatures (collateral kills)
  Rupert (D:15)
  2 hydras
  2 death yaks (Lair:4)
  2 deep elf knights (D:13)
  Sonja (D:14)
  An unseen horror (D:14)
  A deep elf mage (D:13)
  An ugly thing (D:15)
  Maurice (D:13)
  A black mamba (Lair:6)
  2 spiny frogs (Lair:6)
  A meliai (D:14)
  A troll (D:15)
  4 polar bears (Lair:6)
  A wolf spider simulacrum (D:15)
  A raiju (Abyss:2)
  2 hippogriffs
  A slime creature (D:15)
  2 basilisks (Lair:4)
  4 wyverns
  A large abomination (Abyss:2)
  A warg (Lair:6)
  An ice beast (D:14)
  2 black bears (Lair:6)
  A small abomination (Abyss:2)
  2 killer bees (D:15)
  A fungus (Lair:4)
41 creatures vanquished.

Vanquished Creatures (others)
  A cyclops (D:13)
  A yaktaur (D:15)
  A yak (Lair:6)
  An orc warrior (D:9)
  22 fungi
  46 plants
  2 starspawn tentacles (Abyss:2)
  4 toadstools (Swamp:1)
  A withered plant (D:10)
79 creatures vanquished.

Grand Total: 1002 creatures vanquished

Notes
Turn   | Place    | Note
-------+----------+-------------------------------------------
     0 | D:1      | Lochraine the Centaur Arcane Marksman began the quest for the Orb.
     0 | D:1      | Reached XP level 1. HP: 16/16 MP: 2/2
   247 | D:1      | Reached skill level 3 in Bows
   247 | D:1      | Reached XP level 2. HP: 23/23 MP: 3/3
   684 | D:2      | Found a sacrificial altar of Ru.
   754 | D:2      | Found a runed door.
  1202 | D:2      | Reached XP level 3. HP: 28/28 MP: 4/4
  1392 | D:2      | Reached skill level 4 in Bows
  2151 | D:3      | Noticed an ice beast
  2409 | D:3      | Reached XP level 4. HP: 36/36 MP: 5/5
  2602 | D:3      | Killed an ice beast
  2602 | D:3      | Reached skill level 5 in Bows
  2602 | D:3      | Reached XP level 5. HP: 24/42 MP: 6/6
  3125 | D:3      | You fall through a shaft!
  3125 | D:4      | Noticed an ogre
  3369 | D:4      | Reached skill level 6 in Bows
  3574 | D:4      | Reached XP level 6. HP: 26/51 MP: 7/7
  3751 | D:4      | Got a steaming scale mail
  3762 | D:4      | Identified the cursed +1 scale mail "Anlup" {rC- rN+ Str+4 Int+3} (You found it on level 4 of the Dungeon)
  3829 | D:4      | Reached skill level 7 in Bows
  3977 | D:4      | Reached XP level 7. HP: 30/58 MP: 8/8
  4567 | D:5      | Entered Level 5 of the Dungeon
  4946 | D:5      | Noticed Prince Ribbit
  5046 | D:5      | Found Ismymp's Assorted Antiques.
  5646 | D:5      | Reached skill level 1 in Polearms
  5800 | D:5      | Killed Prince Ribbit
  5800 | D:5      | Reached skill level 8 in Bows
  6212 | D:5      | Reached XP level 8. HP: 44/67 MP: 9/9
  6971 | D:6      | Noticed Grinder
  7038 | D:5      | Reached skill level 9 in Bows
  7438 | D:6      | Reached skill level 5 in Fighting
  7471 | D:6      | Found a staircase to the Ecumenical Temple.
  7484 | Temple   | Entered the Ecumenical Temple
  7728 | Temple   | Became a worshipper of Trog the Wrathful
  8226 | D:6      | Killed Grinder
  8226 | D:6      | Reached skill level 10 in Bows
  8530 | D:6      | Reached XP level 9. HP: 37/74 MP: 10/10
  8755 | D:6      | Reached * piety under Trog
  9058 | D:7      | Found Warex's Antique Weapon Emporium.
  9225 | D:5      | Bought a scroll labeled YCUTRI ZUROJ for 30 gold pieces
  9225 | D:5      | Bought a scroll of identify for 60 gold pieces
  9225 | D:5      | Bought a fuming ruby potion for 27 gold pieces
  9225 | D:5      | Bought a golden potion for 27 gold pieces
  9225 | D:5      | Bought a scroll labeled REHIB EMOONG for 30 gold pieces
  9641 | D:6      | Reached skill level 11 in Bows
 10131 | D:7      | Found Gasuaral's Jewellery Shoppe.
 10201 | D:7      | Reached ** piety under Trog
 10587 | D:7      | Reached skill level 5 in Dodging
 10615 | D:7      | Found Xuuze's Gadget Shoppe.
 10623 | D:7      | Bought a wand of lightning (7/15) for 154 gold pieces
 10998 | D:8      | Reached skill level 12 in Bows
 11036 | D:8      | Noticed a two-headed ogre
 11099 | D:8      | Killed a two-headed ogre
 11099 | D:8      | Reached XP level 10. HP: 64/84 MP: 11/11
 11580 | D:8      | Reached skill level 5 in Polearms
 11610 | D:8      | Found a bloodstained altar of Trog.
 11801 | D:8      | Reached *** piety under Trog
 12143 | D:8      | Got a pair of faintly glowing gloves
 12162 | D:8      | Identified the +2 pair of gloves of Tomorrow {rC++ Slay-6} (You found it on level 8 of the Dungeon)
 12637 | D:9      | Got an encrusted ring mail
 12649 | D:9      | Identified the +1 ring mail of the Big Bang {rPois MR+} (You found it on level 9 of the Dungeon)
 12663 | D:9      | Received a gift from Trog
 12670 | D:9      | Reached skill level 13 in Bows
 12674 | D:9      | Reached skill level 1 in Armour
 12926 | D:9      | Reached **** piety under Trog
 13208 | D:9      | Found a staircase to the Orcish Mines.
 13359 | D:9      | Received a gift from Trog
 13606 | D:10     | Entered Level 10 of the Dungeon
 13856 | D:10     | Reached XP level 11. HP: 80/93 MP: 9/12
 13861 | D:10     | Received a gift from Trog
 14192 | D:10     | Reached skill level 14 in Bows
 14948 | D:11     | Received a gift from Trog
 15505 | D:11     | Reached ***** piety under Trog
 15669 | D:11     | Noticed Snorg
 15772 | D:11     | Killed Snorg
 16229 | D:11     | Received a gift from Trog
 16285 | D:11     | Found a staircase to the Lair.
 16463 | Lair:1   | Entered Level 1 of the Lair of Beasts
 16471 | Lair:1   | Reached skill level 15 in Bows
 16711 | Lair:1   | Noticed an ice dragon
 16735 | Lair:1   | Killed an ice dragon
 16907 | Lair:1   | Identified the Grimoire of Unholy Flames
 17407 | Lair:1   | Reached XP level 12. HP: 104/104 MP: 13/13
 18495 | Lair:2   | Found a staircase to the Swamp.
 18585 | Lair:2   | Reached skill level 16 in Bows
 19286 | Lair:3   | Reached skill level 10 in Fighting
 19298 | Lair:3   | Received a gift from Trog
 19338 | Lair:3   | Found a staircase to the Snake Pit.
 19649 | Lair:3   | Reached skill level 5 in Armour
 20491 | Lair:4   | Noticed a death yak
 20493 | Lair:4   | Noticed a death yak
 20495 | Lair:4   | Noticed a death yak
 20496 | Lair:4   | Noticed a death yak
 20542 | Lair:4   | Noticed a death yak
 20558 | Lair:3   | Killed a death yak
 21134 | Lair:4   | Killed a death yak
 21147 | Lair:4   | Killed a death yak
 21172 | Lair:4   | Killed a death yak
 21174 | Lair:4   | Killed a death yak
 21441 | Lair:4   | Reached XP level 13. HP: 107/114 MP: 14/14
 21901 | Lair:4   | Received a gift from Trog
 22175 | Lair:5   | Reached skill level 17 in Bows
 23009 | Lair:5   | Received a gift from Trog
 23466 | Lair:6   | Entered Level 6 of the Lair of Beasts
 24772 | Lair:6   | Reached skill level 10 in Polearms
 24777 | Lair:6   | Reached XP level 14. HP: 97/125 MP: 15/15
 24876 | Lair:6   | Reached skill level 18 in Bows
 25922 | Lair:6   | Received a gift from Trog
 26265 | Lair:6   | Received a gift from Trog
 26834 | Lair:6   | Received a gift from Trog
 27001 | Lair:6   | Found a staircase to the Slime Pits.
 27703 | D:12     | Got a pair of transparent gloves
 27714 | D:12     | Identified the cursed +0 pair of gloves "Viery" {MR++ Str+4} (You found it on level 12 of the Dungeon)
 28344 | D:13     | Reached XP level 15. HP: 124/134 MP: 16/16
 28348 | D:13     | Reached skill level 19 in Bows
 28743 | D:13     | Received a gift from Trog
 28957 | D:13     | Noticed Maurice
 28964 | D:13     | Killed Maurice
 29830 | D:14     | Noticed Sonja
 29840 | D:14     | Cast into level 2 of the Abyss (Sonja)
 29847 | Abyss:2  | Gained mutation: You are weak. (Str -2) [a neqoxec]
 29849 | Abyss:2  | Gained mutation: You are frail. (-10% HP) [a neqoxec]
 30006 | Abyss:2  | Noticed a tentacled starspawn
 30024 | Abyss:2  | Killed a tentacled starspawn
 30267 | Abyss:2  | Found a shimmering altar of Xom.
 30424 | D:14     | Escaped the Abyss
 30585 | D:14     | Found a gate to the Vaults.
 30737 | D:14     | Killed Sonja
 30884 | D:14     | Noticed Frances
 30900 | D:14     | Killed Frances
 31194 | D:15     | Entered Level 15 of the Dungeon
 31532 | D:15     | Noticed a frost giant
 31708 | D:15     | Reached XP level 16. HP: 95/131 MP: 17/17
 31897 | D:15     | Noticed Rupert
 31908 | D:15     | Killed Rupert
 32096 | D:15     | Reached skill level 20 in Bows
 32100 | D:15     | Received a gift from Trog
 32508 | D:15     | Received a gift from Trog
 32542 | D:15     | Found Uskofad's Distillery.
 32553 | D:15     | Bought a potion of agility for 56 gold pieces
 32553 | D:15     | Bought a potion of haste for 140 gold pieces
 32553 | D:15     | Bought a potion of ambrosia for 112 gold pieces
 33038 | D:15     | Found a staircase to the Depths.
 33325 | D:11     | Received a gift from Trog
 33394 | Swamp:1  | Entered Level 1 of the Swamp
 33438 | Swamp:1  | Noticed a thorn hunter
 33440 | Swamp:1  | Killed a thorn hunter
 34988 | Swamp:2  | Received a gift from Trog
 35371 | Swamp:3  | Noticed a thorn hunter
 35373 | Swamp:3  | Killed from afar by a thorn hunter

Vault maps used:
D:1:      dpeg_arrival_stonehenge_12_columns
D:2:      lemuel_doored_altar, first_bread, uniq_crazy_yiuf_cottage
D:5:      cheibrodos_quashed, serial_shops, nicolae_shop_behind_doors,
          grunt_ministairs_11, uniq_prince_ribbit1
D:6:      minmay_temple_entry_glass, uniq_grinder
D:7:      serial_shops, nicolae_shop_waterfront, shop, shop, uniq_menkaure
D:8:      minmay_weird_star, basic_altar
D:9:      david_orc_4
D:10:     serial_undead, serial_undead_a, serial_undead_f, serial_undead_c,
          serial_undead_e, serial_undead_f, serial_undead_b, serial_undead_f,
          serial_undead_d
D:11:     erik_lair_dragon, uniq_snorg
D:13:     minmay_elf_outpost, uniq_maurice
D:14:     david_vaults_1, minmay_holes, uniq_sonja, uniq_frances
D:15:     grunt_enter_depths_snipers, special_room, serial_shops, shop,
          eino_curves_03, dispersion_dpeg, uniq_rupert
Temple:   dpeg_three_leaves_temple
Lair:1:   dragon1_lemuel
Lair:2:   swamp_mist, nicolae_quartered_pool_medium
Lair:3:   minmay_snake_entry_six_corridors
Lair:4:   special_room, hangedman_lair_unloving_vines,
          minmay_stone_trees_medium, grunt_megastairs_5
Lair:5:   lab_entry_generic, st_stairs_13, forest_entry_grove,
          lemuel_fruit_tree, minmay_lair_oklob_chamber
Lair:6:   hangedman_lair_caniforms_friends, hangedman_lair_tendril_chambers,
          dpeg_slime_entry_corner, grunt_megastairs_2
Swamp:1:  cheibrodos_swamp_tower_of_moss, evilmike_swamp_ruin_rubble_1
Swamp:2:  evilmike_swamp_ruin_house_4, swamp_pool1, st_swamp_ruins_2
Swamp:3:  nicolae_swamp_stair_fork
Abyss:2:  due_exit_kobolds

Skill      XL: |  1  2  3  4  5  6  7  8  9 10 11 12 13 14 15 16 |
---------------+-------------------------------------------------+-----
Bows           | 3 4 5 6 7 8 10 12 13 15 16 17 18 19 20 | 20.5
Fighting       | 2 3 4 5 6 8 9 10 12 13 14 | 14.9
Dodging        | 2 3 4 5 7 8 |  8.1
Polearms       | 2 3 4 6 7 8 10 11 12 13 | 13.7
Armour         | 2 4 5 7 8 |  8.4
Spellcasting   | |  1.0
Hexes          | |  2.6

Action                   |  1- 3 |  4- 6 |  7- 9 | 10-12 | 13-15 | 16-18 || total
-------------------------+-------+-------+-------+-------+-------+-------++-------
Melee: Spear             |    80 |    80 |   478 |    54 |       |       ||   692
       Kick              |     6 |    15 |   101 |   188 |   166 |    26 ||   502
       Hand axe          |       |       |    56 |       |       |       ||    56
       Mace              |       |       |    26 |       |       |       ||    26
       Trident           |       |       |       |   615 |   505 |       ||  1120
       Glaive            |       |       |       |       |    29 |    80 ||   109
 Fire: Shortbow          |    94 |   119 |   217 |   853 |    99 |       ||  1382
       Longbow           |       |       |       |       |  1033 |   484 ||  1517
Invok: Burn Spellbooks   |       |       |     4 |     5 |     2 |     2 ||    13
       Berserk           |       |       |     2 |    14 |    10 |     1 ||    27
       Brothers in Arms  |       |       |       |     2 |    11 |     3 ||    16
       Trog's Hand       |       |       |       |       |     1 |     2 ||     3
Evoke: Wand              |       |       |    20 |     7 |    12 |    10 ||    49
       Sack of spiders   |       |       |       |       |     2 |       ||     2
       Lamp of fire      |       |       |       |       |       |     1 ||     1
  Use: Scroll            |     1 |     3 |    11 |    17 |     7 |     8 ||    47
       Potion            |       |     1 |     6 |     3 |     6 |     4 ||    20
 Stab: Confused          |       |       |     2 |       |       |       ||     2
       Distracted        |       |       |       |       |     1 |       ||     1
  Eat: Chunk             |     3 |     4 |    12 |    31 |    36 |    12 ||    98
       Meat ration       |       |       |     2 |     2 |     1 |       ||     5
Armor: Robe              |    20 |    22 |       |       |       |       ||    42
       Scale mail        |       |    13 |   151 |    21 |       |       ||   185
       Skin              |       |       |    21 |       |       |       ||    21
       Troll leather arm |       |       |       |    68 |    28 |    39 ||   135
       Ring mail         |       |       |       |   107 |   258 |    65 ||   430
Dodge: Dodged            |    47 |    68 |   294 |   501 |   550 |   192 ||  1652
Block: Other             |       |       |       |    30 |    47 |    16 ||    93
       Reflection        |       |       |       |       |     2 |     4 ||     6
